Map: New Repugnancy LE

Players

SKillous

  • Race: Protoss Protoss
  • Spawn Location: 7:00

MaSa - Winner!

  • Race: Terran Terran
  • Spawn Location: 1:00

Event: 2019 WCS Spring

VOD

Have the link to the VOD?

Description

Time

  • Played on: May 18, 2019, 8:44 a.m.
  • Length: 17:31

All games in this series

Show
View Real Time Build Order
Export as new Build Order

SKillous Protoss 

Build Orders: 1 Gate Expand, Blink Stalkers, Colossus Rush 

Get SALT Encoding   

  12  0:00  Probe  
  13  0:12  Probe  
  14  0:17  Pylon  
  14  0:24  Probe  
  15  0:32  Probe  
  15  0:37  Gateway  
  15  0:40  Probe  
  16  0:45  Assimilator  
  17  0:51  Probe  
  18  1:03  Probe  
  19  1:15  Probe  
  20  1:24  Cybernetics Core  
  20  1:34  Nexus  
  20  1:42  Pylon  
  20  1:44  Probe  
  20  1:50  Adept  
  20  1:51  Assimilator  
  20  1:56  Probe  
  23  2:06  Warp Gate  
  23  2:09  Probe  
  24  2:16  Twilight Council  
  24  2:18  Stalker  
  24  2:21  Probe  
  27  2:33  Probe  
  28  2:42  Probe  
  28  2:45  Probe  
  30  2:52  Probe  
  30  2:57  Probe  
  32  3:00  Blink  
  32  3:03  Probe  
  33  3:09  Probe  
  34  3:14  Gateway  
  34  3:15  Probe  
  34  3:18  Probe  
  34  3:24  Gateway  
  35  3:27  Probe  
  35  3:28  Probe  
  35  3:32  Robotics Facility  
  37  3:38  Probe  
  37  3:39  Probe  
  39  3:43  Pylon  
  39  3:50  Probe  
  39  3:54  Stalker  
  41  3:57  Probe  
  41  3:58  Probe  
  42  4:05  Assimilator  
  42  4:07  Probe  
  42  4:08  Assimilator  
  42  4:09  Stalker, Probe  
  47  4:17  Observer  
  47  4:18  Stalker  
  47  4:19  Pylon  
  47  4:20  Stalker  
  47  4:21  Probe  
  47  4:22  Probe  
  54  4:33  Pylon  
  54  4:37  Probe x2  
  56  4:39  Observer  
  56  4:43  Robotics Bay  
  57  4:46  Forge  
  57  4:49  Probe  
  57  4:50  Stalker  
  58  4:54  Zealot  
  58  4:57  Probe  
  58  5:01  Probe  
  58  5:04  Stalker  
  60  5:08  Observer, Pylon  
  60  5:09  Probe  
  63  5:19  Protoss Ground Weapons Level 1  
  62  5:25  Colossus  
  62  5:28  Probe  
  69  5:39  Nexus  
  69  5:48  Gateway  
  69  5:51  Gateway  
  69  5:52  Charge  
  69  5:59  Gateway  
  69  6:01  Extended Thermal Lance  
  69  6:06  Pylon  
  69  6:08  Probe  
  69  6:09  Probe  
  69  6:10  Colossus  
  71  6:23  Probe  
  71  6:24  Sentry  
  80  6:30  Probe  
  81  6:34  Pylon  
  81  6:37  Probe  
  82  6:41  Sentry x2  
  82  6:43  Pylon  
  82  6:45  Pylon x2  
  86  6:51  Probe  
  87  6:58  Probe  
  88  7:03  Zealot x2, Sentry  
  88  7:04  Sentry  
  88  7:05  Pylon  
  96  7:16  Shield Battery x2  
  96  7:17  Shield Battery  
  96  7:19  Shield Battery  
  96  7:20  Sentry x2, Shield Battery  
  94  7:25  Zealot x2  
  98  7:30  Stalker x2  
  98  7:35  Colossus  
  102  7:43  Zealot x2  
  106  7:48  Zealot  
  114  7:55  Zealot x3  
  120  8:06  Zealot x2, Protoss Ground Armor Level 1  
  124  8:13  Zealot x3  
  129  8:23  Zealot  
  129  8:28  Zealot  
  131  8:34  Zealot  
  111  8:45  Zealot x2  
  71  8:49  Immortal  
  71  8:52  Stalker  
  71  8:54  Stalker  
  72  8:58  Gateway x2  
  62  9:02  Observer  
  59  9:12  Sentry x2  
  63  9:20  Stalker x2  
  67  9:36  Stalker x2  
  71  9:45  Stalker  
  69  9:46  Stalker  
  71  9:55  Zealot  
  71  9:56  Sentry  
  73  10:08  Zealot  
  63  10:20  Stalker x2  
  51  10:26  Stalker  
  53  10:29  Sentry  
  55  10:38  Observer  
  53  10:51  Zealot x4  
  53  10:56  Stalker  
  63  10:58  Sentry  
  65  11:09  Zealot  
  67  11:11  Stalker  
  67  11:16  Zealot  
  71  11:23  Zealot  
  69  11:38  Observer  
  55  11:43  Probe  
  55  11:45  Stalker x3  
  55  11:46  Probe  
  61  11:54  Probe  
  61  12:01  Probe  
  57  12:03  Sentry  
  57  12:05  Probe  
  59  12:13  Assimilator, Probe  
  60  12:16  Assimilator  
  60  12:17  Probe  
  60  12:20  Stalker  
  63  12:25  Probe  
  63  12:27  Stalker  
  63  12:29  Probe  
  67  12:36  Immortal  
  65  12:37  Probe  
  65  12:42  Pylon  
  69  13:05  Stalker  
  69  13:06  Stalker x2  
  69  13:08  Observer  
  69  13:12  Stalker  
  75  13:14  Zealot  
  78  13:21  Zealot  
  80  13:28  Warp Prism  
  80  13:31  Zealot x2  
  84  13:41  Sentry x2  
  88  13:44  Sentry  
  92  13:52  Stalker  
  92  13:55  Stalker  
  94  14:27  Stalker x3, Zealot x3  
  105  15:01  Nexus  
  105  15:05  Disruptor  
  105  15:09  Probe  
  102  15:15  Probe  
  102  15:20  Stalker x3  
  112  15:21  Probe  
  112  15:27  Probe  
  114  15:28  Pylon  
  114  15:38  Probe  
  114  15:41  Disruptor  
  118  15:52  Probe  
  113  16:07  Stalker x3  
  117  16:15  Disruptor  
  116  16:34  Zealot x4  
  107  16:47  Zealot x2  
  107  16:51  Pylon  
  79  17:07  Stalker x4  
  71  17:20  Zealot x2  
Show
View Real Time Build Order
Export as new Build Order

MaSa Terran - Winner!

Build Orders: Reaper Expand 

Get SALT Encoding   

  12  0:00  SCV  
  13  0:12  SCV  
  14  0:17  Supply Depot  
  14  0:24  SCV  
  15  0:39  SCV  
  15  0:40  Barracks  
  16  0:43  Refinery  
  16  0:51  SCV  
  17  1:03  SCV  
  18  1:15  SCV  
  19  1:27  Orbital Command  
  19  1:28  Reaper  
  20  1:46  Command Center  
  20  1:52  Supply Depot  
  20  1:54  SCV  
  20  2:00  Marine  
  22  2:06  SCV  
  23  2:10  Factory  
  23  2:18  SCV  
  23  2:20  Refinery  
  23  2:22  Barracks Reactor  
  24  2:31  SCV  
  25  2:43  SCV  
  26  2:54  Starport  
  26  2:55  SCV  
  26  2:56  Widow Mine  
  30  2:59  Marine x2  
  30  3:03  Orbital Command  
  31  3:08  SCV  
  32  3:16  Marine  
  32  3:17  Marine  
  34  3:20  SCV  
  34  3:21  Widow Mine  
  37  3:30  Viking  
  37  3:31  SCV  
  37  3:32  SCV  
  37  3:34  Supply Depot  
  41  3:36  Marine  
  42  3:43  SCV  
  42  3:44  Factory Tech Lab  
  42  3:45  SCV  
  44  3:55  SCV  
  44  3:57  Marine x2  
  44  3:59  SCV  
  44  4:00  Supply Depot  
  47  4:04  Siege Tank  
  47  4:07  Bunker  
  47  4:09  Starport Tech Lab  
  50  4:11  SCV  
  50  4:12  SCV  
  50  4:15  Marine  
  53  4:17  Barracks  
  53  4:19  Barracks  
  53  4:23  SCV  
  54  4:24  SCV  
  54  4:25  Marine  
  56  4:32  Engineering Bay  
  56  4:34  Marine  
  56  4:35  SCV, Starport Reactor  
  58  4:38  SCV  
  58  4:41  Supply Depot  
  58  4:43  Marine  
  58  4:44  Refinery  
  60  4:52  Marine  
  59  4:53  SCV  
  60  5:00  SCV  
  60  5:01  Terran Infantry Weapons Level 1, Marine  
  60  5:10  Barracks, Marine  
  60  5:12  Barracks  
  60  5:13  Stimpack, Marine  
  63  5:15  SCV  
  63  5:18  SCV  
  63  5:19  Marine  
  65  5:21  Refinery  
  65  5:22  Starport Reactor  
  65  5:25  Marine x2  
  65  5:27  Marine  
  68  5:31  Marine  
  68  5:34  SCV  
  70  5:36  Supply Depot  
  70  5:38  Siege Tank, Marine  
  70  5:40  Supply Depot  
  74  5:43  Marine x2  
  74  5:45  Marine  
  74  5:49  Marine  
  77  5:50  Supply Depot  
  78  5:57  Marine x2  
  78  6:01  Marine  
  78  6:02  Marine  
  78  6:03  Marine  
  82  6:06  Supply Depot, Barracks Tech Lab  
  82  6:07  Marine  
  82  6:11  Medivac  
  84  6:14  Medivac  
  84  6:18  Marine x2  
  86  6:22  Marine x2  
  86  6:24  Marine  
  86  6:25  Marine  
  89  6:29  Combat Shield  
  89  6:31  Siege Tank  
  89  6:32  Marine  
  93  6:35  Marine  
  93  6:37  Marine  
  95  6:40  Marine x2  
  95  6:43  Medivac  
  95  6:46  Medivac  
  101  6:48  Marine  
  101  6:49  Marine  
  101  6:52  Marine  
  101  6:53  Marine  
  104  6:56  Marine  
  104  6:58  Marine  
  105  7:01  Supply Depot  
  105  7:04  Marine  
  105  7:05  Marine  
  107  7:08  Siege Tank  
  110  7:21  Marine  
  110  7:23  Medivac x2, Marine  
  110  7:25  Marine x2  
  117  7:36  Marine  
  118  7:39  Marine x2  
  118  7:41  Marine x2  
  114  7:53  Viking  
  114  7:56  Bunker  
  113  8:00  Marine  
  113  8:01  Bunker, Marine x4  
  118  8:11  Marine  
  118  8:19  Viking  
  118  8:22  Marine  
  118  8:24  Marine  
  118  8:27  Marine  
  118  8:29  Marine  
  118  8:31  Marine  
  118  8:34  Bunker  
  118  8:35  Bunker, Marine x2  
  118  8:38  Bunker  
  118  8:40  Marine  
  105  8:43  Marine  
  105  8:47  Marine  
  88  8:51  Marine  
  88  8:55  Marine  
  87  8:59  Marine  
  86  9:10  Marine x2  
  86  9:18  Viking  
  87  9:24  Marine  
  88  9:34  Marine x2  
  90  9:41  Siege Tank  
  93  9:47  Marine x2  
  93  9:51  Marine  
  96  10:00  Viking  
  94  10:07  Marine x2  
  73  10:15  Marine x2  
  73  10:18  Marine  
  73  10:19  Marine  
  64  10:24  Marine  
  64  10:25  Marine  
  64  10:30  SCV  
  64  10:31  SCV  
  66  10:37  Marine  
  66  10:38  Marine  
  66  10:42  SCV  
  63  10:43  Marine  
  63  10:44  Marine  
  63  10:48  Marine  
  63  10:49  SCV, Marine  
  66  10:54  SCV  
  67  11:00  Siege Tank  
  67  11:01  SCV  
  71  11:06  SCV  
  71  11:08  Viking  
  73  11:13  Viking, SCV  
  73  11:18  SCV  
  77  11:21  Bunker  
  77  11:25  Marine  
  78  11:27  SCV  
  78  11:30  SCV  
  77  11:37  Marine x2  
  77  11:38  Viking  
  62  11:47  SCV x2  
  62  11:49  Marine  
  65  11:56  Marine x2  
  65  11:59  SCV  
  65  12:00  SCV, Medivac  
  71  12:06  Marine  
  72  12:09  Marine x2  
  72  12:11  SCV  
  72  12:13  Terran Infantry Armor Level 1  
  75  12:20  Siege Tank  
  75  12:22  SCV  
  79  12:24  SCV  
  79  12:29  Missile Turret  
  80  12:36  Marauder, SCV  
  82  12:54  Command Center  
  82  12:57  SCV, Marine  
  84  13:00  Marine  
  84  13:01  Marauder  
  84  13:03  Marine  
  83  13:10  Marauder, Marine  
  86  13:15  Liberator  
  86  13:19  Orbital Command  
  86  13:20  Siege Tank, Marine  
  86  13:22  Marauder, Marine  
  86  13:26  Medivac  
  97  13:38  Marine  
  97  13:39  Liberator  
  98  13:48  Marine x3  
  98  13:51  SCV x2  
  98  13:55  Marine x3  
  104  14:01  Siege Tank  
  111  14:04  Orbital Command  
  108  14:12  Marine x2  
  108  14:13  SCV  
  107  14:17  Marine x2  
  109  14:28  SCV  
  110  14:37  Viking  
  112  14:40  SCV  
  112  14:43  Missile Turret  
  113  14:47  SCV  
  114  14:53  Viking  
  114  14:55  Marine  
  114  14:59  SCV  
  117  15:01  SCV  
  117  15:03  Marine  
  118  15:11  SCV  
  118  15:13  SCV  
  119  15:15  Marine x2  
  119  15:19  Factory Tech Lab  
  121  15:24  Marine x2, Barracks Tech Lab  
  123  15:32  Refinery  
  123  15:33  SCV  
  123  15:34  Armory, SCV  
  125  15:43  Marine  
  125  15:53  Marine x4  
  128  16:08  Armory  
  128  16:10  Supply Depot  
  128  16:12  Supply Depot  
  119  16:19  SCV, Marine x3  
  119  16:20  Marine  
  115  16:25  Viking  
  115  16:28  Marine  
  118  16:35  Marine x2  
  118  16:36  Marine  
  121  16:44  Marine  
  121  16:45  Marine x2  
  121  16:46  SCV  
  120  16:48  Marine  
  120  16:53  Marine  
  122  16:54  Marine  
  105  17:01  Marine  
  105  17:05  Marine  
Tags
 
Add a new tag
Caveats
  • Supply blocks, unpowered buildings, or Contaminate may cause inaccurate times.
  • Supply counts are checked every 10 seconds.